 Dungeon Crawl Stone Soup version 0.30.1-1-g62c8e00024 (webtiles) character file.

Game seed: 5690576587267480965

309 DemonSlayer the Magician (level 6, -3/43 HPs)
             Began as a Demonspawn Earth Elementalist on July 16, 2023.
             Slain by a mummy (7 damage)
             ... in an ossuary.
             The game lasted 00:12:36 (3589 turns).

DemonSlayer the Magician (DsEE)                     Turns: 3589, Time: 00:12:36

Health: -3/43      AC:  3    Str:  8    XL:     6   Next: 17%
Magic:  9/12       EV: 12    Int: 17    God:
Gold:   149        SH:  0    Dex: 15    Spells: 4/13 levels left

rFire   . . .        n - +2 dagger (venom)
rCold   . . .        (no shield)
rNeg    . . .        a - +0 robe
rPois   +            (helmet restricted)
rElec   .            i - +0 cloak "Masistra" {rCorr SInv}
rCorr   +            (no gloves)
SInv    +            (no boots)
Will    .....        l - amulet of the acrobat
Stlth   ++           c - ring of poison resistance
HPRegen 0.27/turn    (no ring)
MPRegen 0.26/turn

%: acrobat
@: attractive
A: horns 1, demonic guardian 1, magic regeneration
a: no special abilities


You were in an ossuary.
You visited 1 branch of the dungeon, and saw 4 of its levels.
You also visited: Ossuary.

You collected 149 gold pieces.

Inventory:

Hand Weapons
 n - a +2 dagger of venom (weapon)
Armour
 a - a +0 robe (worn)
 h - the +1 scale mail of Pessimism {rPois}
   (You found it on level 3 of the Dungeon)

   rPois:     It protects you from poison.
 i - the +0 cloak "Masistra" (worn) {rCorr SInv}
   (You found it on level 3 of the Dungeon)

   SInv:      It lets you see invisible.
   rCorr:     It protects you from acid and corrosion.
Jewellery
 c - a ring of poison resistance (left hand)
 l - an amulet of the acrobat (around neck)
Wands
 p - a wand of paralysis (9)
Scrolls
 j - 2 scrolls of silence
 m - 3 scrolls of teleportation
Potions
 b - 4 potions of magic
 e - a potion of attraction
 f - 3 potions of lignification


   Skills:
 + Level 1.4 Fighting
 + Level 0.4 Short Blades
 + Level 2.4 Dodging
 + Level 2.4 Stealth
 + Level 4.2 Spellcasting
 + Level 0.8 Transmutations
 + Level 4.1 Earth Magic


You had 4 spell levels left.
You knew the following spells:

 Your Spells              Type           Power      Damage    Failure   Level
a - Sandblast             Erth           34%        2d9       3%          1
b - Stone Arrow           Conj/Erth      20%        3d8       21%         3
c - Passwall              Tmut/Erth      10%        N/A       9%          2
d - Swiftness             Air            3%         N/A       43%         3

Your spell library contained the following spells:

 Spells                   Type           Power      Damage    Failure   Level
 Ensorcelled Hibernation  Hex/Ice        6%         N/A       24%         2
 Petrify                  Tmut/Erth      12%        N/A       50%         4


Dungeon Overview and Level Annotations

Branches:
Dungeon (4/15)            Ossuary (1/1)
 Temple: D:4-7

Altars:

Annotations:
D:4 Pikel


Innate Abilities, Weirdness & Mutations

You have a pair of small horns on your head.
A weak demonic guardian rushes to your aid.
You regenerate magic rapidly.


Message History

The elf zombie hits you.
* * * LOW HITPOINT WARNING * * *
The gnoll zombie hits you but does no damage.
The mummy hits you.
* * * LOW HITPOINT WARNING * * *
The mummy hits you!
* * * LOW HITPOINT WARNING * * *
A demonic guardian appears!
Unknown command.
Unknown command.
Unknown command.
Unknown command.
You feel better.
The elf zombie hits you but does no damage.
The gnoll zombie hits you but does no damage.
The mummy hits you but does no damage. x2
It was a potion of attraction.
You feel attractive to monsters.
The elf zombie hits you but does no damage.
The gnoll zombie hits you but does no damage.
Your white imp hits the elf zombie.
Your white imp freezes the elf zombie.
The elf zombie completely resists.
It was a potion of resistance.
You feel protected. The mummy hits you.
* * * LOW HITPOINT WARNING * * *
The mummy hits you but does no damage. The gnoll zombie hits you.
* * * LOW HITPOINT WARNING * * *
The elf zombie hits you but does no damage.
Your white imp hits the elf zombie.
Your white imp freezes the elf zombie.
The elf zombie completely resists.
It was a potion of cancellation.
Your magical effects are unravelling.
You feel magically purged.
You feel less wooden.
The +0 cloak "Masistra" {rCorr SInv} unmelds from your body.
Your +0 robe unmelds from your body.
Your resistance to elements expires.
The mummy closely misses you. The mummy hits you!
You die...

###################
#)$+...........∩...
#$?#...............
####.........#####.
#..............Z...
#.MM...............
#.@Z..##...........
#.5Z..##...........
#..........Z.......
#..#...............
#..##..............
#∩.##..........∩...
#..##..........∩...
#..#...............
#..................


You could see 2 mummies, a gnoll zombie, an elf zombie (distracted, ally target)
and a friendly white imp (summoned).

Vanquished Creatures
  An elf zombie (Ossuary)
  2 human zombies (Ossuary)
  A hound zombie (Ossuary)
  A mummy (Ossuary)
  Robin (D:4)
  7 adders
  A worm (D:2)
  3 dart slugs
  6 bats
  6 endoplasms
  7 goblins
  9 hobgoblins
  2 jackals (D:2)
  2 quokkas (D:2)
  5 ball pythons
  A frilled lizard (D:1)
  A gnoll zombie (Ossuary)
  A hobgoblin zombie (Ossuary)
  6 kobolds
  A kobold zombie (Ossuary)
  An orc zombie (Ossuary)
  4 rats
  2 rat zombies (Ossuary)
  A spectral hobgoblin (D:2)
72 creatures vanquished.

Notes
Turn   | Place    | Note
-------+----------+-------------------------------------------
     0 | D:1      | DemonSlayer the Demonspawn Earth Elementalist began the
                  | quest for the Orb.
     0 | D:1      | Reached XP level 1. HP: 13/13 MP: 3/3
   397 | D:1      | Gained mutation: You have a pair of small horns on your
                  | head. [demonic ancestry]
   397 | D:1      | Reached XP level 2. HP: 17/19 MP: 1/5
  1056 | D:2      | Gained mutation: You regenerate magic rapidly. [demonic
                  | ancestry]
  1056 | D:2      | Reached XP level 3. HP: 13/24 MP: 1/7
  1300 | D:2      | Found a faded altar of an unknown god.
  1930 | D:2      | Learned a level 3 spell: Stone Arrow
  1933 | D:2      | Learned a level 2 spell: Passwall
  2097 | D:3      | Reached XP level 4. HP: 31/31 MP: 5/8
  2456 | D:3      | Identified the +1 scale mail of Pessimism {rPois}
  2539 | D:3      | Identified the +0 cloak "Masistra" {rCorr SInv}
  2962 | D:3      | Learned a level 3 spell: Swiftness
  2977 | D:4      | Noticed a scorpion
  3051 | D:4      | Noticed Robin
  3104 | D:4      | Killed Robin
  3123 | D:4      | Noticed a lemure
  3124 | D:4      | Noticed Pikel
  3124 | D:4      | Noticed a lemure
  3124 | D:4      | Noticed a lemure
  3125 | D:4      | Noticed a lemure
  3200 | D:4      | Reached skill level 1 in Fighting
  3230 | D:4      | Found a sand-covered staircase.
  3236 | D:4      | Reached XP level 5. HP: 23/37 MP: 5/10
  3244 | Ossuary  | Entered an ossuary
  3574 | Ossuary  | Gained mutation: A weak demonic guardian rushes to your
                  | aid. [demonic ancestry]
  3574 | Ossuary  | Reached XP level 6. HP: 41/43 MP: 3/12
  3589 | Ossuary  | Slain by a mummy

Illustrated notes

Levels and vault maps discovered:
D:1:      dpeg_arrival_pond, layout_loops_ring, nrook_campfire
D:2:      layout_basic, serial_corexii_hall, corexii_hall_statues_x,
          chequers_hall_statues_y, corexii_hall_statues_i,
          corexii_hall_statues_x, dreamdust_ecumenical_altar_drowned_temple,
          wad_floor_pattern_untrapped, grunt_decor_mini_mirrors,
          chequers_serial_rivers_small_b
D:3:      layout_basic, nicolae_eternal_life, roderic_lattice_a,
          minmay_pentomino_pile
D:4:      layout_layer_cave, enter_ossuary_1, minivault_14, uniq_pikel,
          uniq_robin
Ossuary:  ossuary_minmay_tomb_2a

Skill      XL: |  1  2  3  4  5 |
---------------+----------------+-----
Dodging        | 2 |  2.4
Earth Magic    | 3 4 |  4.1
Spellcasting   | 3 4 |  4.2
Stealth        | 2 |  2.4
Fighting       | 1 |  1.4
Short Blades   | |  0.4
Transmutations | |  0.8

Action                     |  1- 3 |  4- 6 || total
---------------------------+-------+-------++-------
  Melee: Dagger            |    40 |     8 ||    48
         Unarmed           |     1 |       ||     1
         Headbutt          |    10 |       ||    10
   Cast: Sandblast         |    51 |    81 ||   132
    Use: Scroll            |     6 |     4 ||    10
         Potion            |       |     8 ||     8
   Stab: Sleeping          |     4 |     2 ||     6
 Armour: Robe              |     6 |    11 ||    17
         Skin              |       |    61 ||    61
  Dodge: Dodged            |    42 |   101 ||   143
